 Dungeon Crawl Stone Soup version 0.28.0-53-g5a82cb258f (console) character file.

Game seed: 5838825575589226895

471 Cab the Chopper (level 6, 0/47 HPs)
             Began as a Demonspawn Fighter on Aug 21, 2022.
             Slain by a killer bee (3 damage)
             ... on level 8 of the Dungeon.
             The game lasted 00:09:38 (3288 turns).

Cab the Chopper (Demonspawn Fighter)                Turns: 3288, Time: 00:09:39

Health: 0/47       AC: 10    Str: 19    XL:     6   Next: 83%
Magic:  6/6        EV:  6    Int: 15    God:
Gold:   190        SH:  4    Dex: 12    Spells: 5/5 levels left

rFire   + . .      SeeInvis .   a - +0 war axe
rCold   . . .      Faith    .   c - +0 buckler
rNeg    . . .      Spirit   .   s - +0 chain mail
rPois   .          Reflect  .   (helmet unavailable)
rElec   .          Harm     .   (no cloak)
rCorr   .          Rampage  .   i - +0 pair of gloves
Will    .....                   (no boots)
Stlth   ..........              (no amulet)
HPRegen 0.15/turn               e - ring of protection from fire
MPRegen 0.10/turn               k - +6 ring of intelligence

@: lethally poisoned (0 -> -8)
A: horns 3, demonic guardian 1, powered by pain 1, screaming 1
a: no special abilities


You were on level 8 of the Dungeon.
You visited 1 branch of the dungeon, and saw 6 of its levels.

You collected 190 gold pieces.

Inventory:

Hand Weapons
 a - a +0 war axe (weapon)
Armour
 c - a +0 buckler (worn)
 i - a +0 pair of gloves (worn)
 s - a +0 chain mail (worn)
Jewellery
 e - a ring of protection from fire (left hand)
 k - a +6 ring of intelligence (right hand)
Wands
 o - a wand of flame (21)
Scrolls
 b - 3 scrolls of identify {unknown}
 g - a scroll of teleportation {unknown}
 h - 2 scrolls of immolation {unknown}
 m - a scroll of acquirement {unknown}
 p - 3 scrolls of fear
 r - a scroll of enchant armour {unknown}
 u - a scroll of noise {unknown}
Potions
 d - a potion of might
 f - a potion of attraction {unknown}
 j - a potion of degeneration {unknown}
 l - a potion of mutation
 n - a potion of brilliance {unknown}
 t - a potion of berserk rage {unknown}


   Skills:
 - Level 3.0 Fighting
 + Level 6.7 Axes
 - Level 2.6 Armour
 - Level 2.6 Shields
 + Level 0.5 Evocations


You had 5 spell levels left.
You didn't know any spells.
Your spell library contained the following spells:

 Spells                   Type           Power      Damage    Failure   Level
 Foxfire                  Conj/Fire      0%         2x1d4     99%         1
 Conjure Flame            Conj/Fire      0%         6-21      100%        3
 Ignite Poison            Fire/Tmut/Pois 0%         N/A       100%        3
 Inner Flame              Hex/Fire       0%         N/A       100%        3
 Mephitic Cloud           Conj/Pois/Air  0%         N/A       100%        3
 Flame Wave               Conj/Fire      0%         2d4       100%        4
 Freezing Cloud           Conj/Ice/Air   0%         6-21      100%        5


Dungeon Overview and Level Annotations

Branches:
Dungeon (5/15)
 Temple: D:4-7

Altars:
Yredelemnul

Shops:
D:3 (

Annotations:
D:3 3 runed translucent doors, Prepator's ghost, amateur NaIE


Innate Abilities, Weirdness & Mutations

You have a pair of large horns on your head.
A weak demonic guardian rushes to your aid.
You sometimes gain a little power by taking damage.
You occasionally shout uncontrollably at your foes.


Message History

You feel sick.
The killer bee stings you but does no damage.
The killer bee barely misses you.
The killer bee stings you but does no damage.
The killer bee barely misses you.
It was a potion of curing.
You feel better.
The killer bee stings you but does no damage.
You block the killer bee's attack. The killer bee barely misses you.
The killer bee stings you.
You are poisoned.
The killer bee poisons you!
Unknown command.
You barely miss the killer bee. x2; You feel sick.
The killer bee closely misses you.
The killer bee stings you but does no damage.
The killer bee stings you. You block the killer bee's attack. x2
You hit the killer bee but do no damage.
You barely miss the killer bee.
You feel sick. You block the killer bee's attack. The killer bee stings you.
* * * LOW HITPOINT WARNING * * *
A demonic guardian appears!
A killer bee comes into view.
The killer bee stings you.
* * * LOW HITPOINT WARNING * * *
The killer bee stings you but does no damage. x2
The killer bee stings you.
* * * LOW HITPOINT WARNING * * *
You feel better.
The killer bee buzzes angrily.
The killer bee stings you but does no damage.
A killer bee comes into view.
The killer bee stings you!
* * * LOW HITPOINT WARNING * * *
You are lethally poisoned!
The killer bee poisons you!
The killer bee stings you but does no damage.
Your ufetubus misses the killer bee. x2
Your orc warrior says, "Cab, I like you."
The killer bee stings you.
You die... ∙∙▒▒▒▒▒▒▒ ∙y∙yyyy@▒

∙∙▒▒▒▒▒y▒
▒5▒ ▒o▒
▒∙▒
▒▒▒▒▒∙▒
▒∙K∙∙∙▒
▒∙▒▒▒▒▒
▒∙▒


You could see 6 killer bees, a friendly orc warrior (summoned) and a friendly
ufetubus (summoned).

Vanquished Creatures
  Prince Ribbit (D:8)
  An ogre (D:4)
  A centaur zombie (D:8)
  A scorpion zombie (D:3)
  An adder (D:2)
  2 worms
  2 dart slugs
  6 orcs
  5 endoplasms
  4 giant cockroaches
  8 goblins
  8 hobgoblins
  8 jackals
  7 quokkas
  5 ball pythons
  A ball python zombie (D:3)
  2 bats
  7 frilled lizards
  13 kobolds
  5 rats
88 creatures vanquished.

Vanquished Creatures (collateral kills)
  A hound skeleton (D:4)
  An endoplasm (D:1)
2 creatures vanquished.

Grand Total: 90 creatures vanquished

Notes
Turn   | Place    | Note
-------+----------+-------------------------------------------
     0 | D:1      | Cab the Demonspawn Fighter began the quest for the Orb.
     0 | D:1      | Reached XP level 1. HP: 18/18 MP: 1/1
    33 | D:1      | Reached skill level 2 in Axes
   178 | D:1      | Gained mutation: A weak demonic guardian rushes to your
                  | aid. [demonic ancestry]
   178 | D:1      | Reached XP level 2. HP: 22/24 MP: 2/2
   759 | D:1      | Reached skill level 3 in Axes
  1024 | D:1      | Gained mutation: You sometimes gain a little power by
                  | taking damage. [demonic ancestry]
  1024 | D:1      | Reached XP level 3. HP: 29/29 MP: 3/3
  1786 | D:3      | Gained mutation: You have a pair of small horns on your
                  | head. [demonic ancestry]
  1786 | D:3      | Reached XP level 4. HP: 31/35 MP: 4/4
  1795 | D:3      | Found Cechaph's Antique Weapon Shop.
  1895 | D:3      | Reached skill level 4 in Axes
  1960 | D:3      | Found a runed translucent gate.
  1960 | D:3      | Found a runed translucent gate.
  1960 | D:3      | Found a runed translucent gate.
  1960 | D:3      | Noticed Prepator's ghost (amateur NaIE)
  1962 | D:3      | Found a basalt altar of Yredelemnul.
  2234 | D:3      | Found a faded altar of an unknown god.
  2465 | D:4      | Noticed an ogre
  2479 | D:4      | Killed an ogre
  2480 | D:4      | Reached skill level 5 in Axes
  2480 | D:4      | Reached XP level 5. HP: 23/41 MP: 5/5
  2949 | D:5      | Entered Level 5 of the Dungeon
  3220 | D:5      | You fall into a shaft and drop 3 floors!
  3227 | D:8      | Gained mutation: You have a pair of horns on your head.
                  | [demonic ancestry]
  3227 | D:8      | Reached XP level 6. HP: 47/47 MP: 6/6
  3229 | D:8      | Noticed Prince Ribbit
  3243 | D:8      | Killed Prince Ribbit
  3244 | D:8      | Reached skill level 6 in Axes
  3284 | D:8      | Gained mutation: You have a pair of large horns on your
                  | head. [potion of mutation]
  3284 | D:8      | Gained mutation: You occasionally shout uncontrollably at
                  | your foes. [potion of mutation]
  3288 | D:8      | Slain by a killer bee

Illustrated notes

Levels and vault maps discovered:
D:1:      mrwooster_arrival_statue, layout_loops_ring, minmay_misc_feat_tiny
D:2:      layout_rooms
D:3:      layout_loops_cross, nicolae_yredelemnul_ghost_church,
          basic_ecumenical_altar, serial_shops, shop
D:4:      layout_rooms
D:5:      kennysheep_six_static_rooms, layout_basic
D:8:      layout_loops_ring, uniq_prince_ribbit1, uniq_pikel

Skill      XL: |  1  2  3  4  5  6 |
---------------+-------------------+-----
Axes           | 2 3 5 6 |  6.7
Fighting       | |  3.0
Armour         | |  2.6
Shields        | |  2.6
Evocations     | |  0.5

Action                   |  1- 3 |  4- 6 || total
-------------------------+-------+-------++-------
Melee: War axe           |   145 |    91 ||   236
       Headbutt          |       |    18 ||    18
Evoke: Wand              |       |     4 ||     4
  Use: Scroll            |       |     3 ||     3
       Potion            |       |     4 ||     4
Armor: Scale mail        |    70 |     8 ||    78
       Chain mail        |       |    50 ||    50
Dodge: Dodged            |    57 |    40 ||    97
Block: Buckler           |    33 |    24 ||    57
